 Dungeon Crawl Stone Soup version 0.29.1-2-gbd0b4ee654 (webtiles) character file.

Game seed: 982572507665493757

487165 croobank the Acrobat (level 22, -3/174 HPs)
             Began as a Felid Summoner on Nov 9, 2022.
             Was the Champion of Jiyva.
             Slain by a white draconian
             ... wielding a +0 dire flail
             ... led by a green draconian monk
              (16 damage)
             ... on level 5 of the Realm of Zot on Nov 10, 2022.
             The game lasted 09:03:43 (106869 turns).

croobank the Acrobat (Felid Summoner)             Turns: 106869, Time: 09:03:43

Health: -3/174     AC:  3    Str:  4 (6)  XL:     22   Next: 82%
Magic:  52/52      EV: 35    Int: 32      God:    Jiyva [******]
Gold:   12538      SH:  0    Dex: 19 (20) Spells: 14/53 levels left
                                        Lives:  0   Deaths: 6

rFire   + + .      SeeInvis +     - Unarmed
rCold   + + .      Faith    .   (shield unavailable)
rNeg    . . .      Spirit   .   (body armour unavailable)
rPois   .          Reflect  .   (helmet unavailable)
rElec   .          Harm     .   (cloak unavailable)
rCorr   +          Rampage  .   (gloves unavailable)
Will    ++++.      Rnd*Tele +   (boots unavailable)
Stlth   ..........              Z - amulet "Cegheoc" {Regen+ Str+4}
HPRegen 2.79/turn               f - +6 ring of intelligence
MPRegen 0.83/turn               S - ring "Ylibiw" {Contam rF+ Will+ MP+9}

@: berserking (expiring), about to teleport, slowed, quick
A: very small, claws 1, fangs 3, see invisible, speed 1, shaggy fur 3, stealthy
paws, no weapons or thrown items, no armour, multi-lived, thin skeletal
structure 1, camouflage 1, cold resistance 1, deterioration 1, fire resistance
1, teleportitis 1, weak 1, evolution 2, subdued magic 1, noise suppression
}: 5/15 runes: serpentine, barnacled, slimy, silver, abyssal
a: Renounce Religion, Oozemancy, Slimify


You were on level 5 of the Realm of Zot.
You worshipped Jiyva.
Jiyva was exalted by your worship.
You visited 11 branches of the dungeon, and saw 55 of its levels.
You visited the Abyss 1 time.
You visited 1 ziggurat, and saw 6 of its levels.
You also visited: Trove, Ossuary and Bailey.

You collected 25086 gold pieces.
You spent 5740 gold pieces at shops.
You paid 6808 gold pieces to Gozag.

Inventory:

Jewellery
 e - a ring of protection from cold
 f - a +6 ring of intelligence (left paw)
 g - the ring "Juba" {EV+4 Int+3}
   (You found it in a treasure trove)

   [ring of evasion]

   EV:        It affects your evasion (+4).
   Int:       It affects your intelligence (+3).
 t - the ring "Niviken" {+Blink rF+ rC- rCorr Dex+5}
   (You found it in a treasure trove)

   [ring of protection from fire]

   Dex:       It affects your dexterity (+5).
   rF:        It protects you from fire.
   rC:        It makes you vulnerable to cold.
   +Blink:    It lets you blink.
   rCorr:     It protects you from acid and corrosion.
 w - a ring of poison resistance
 A - an amulet of magic regeneration
 E - the ring of Vomosatoic {Wiz Contam rF+ Dex+6 SInv}
   (You acquired it on level 3 of the Lair of Beasts)

   [ring of wizardry]

   It improves your spell success rate.
   Dex:       It affects your dexterity (+6).
   rF:        It protects you from fire.
   SInv:      It lets you see invisible.
   Contam:    It causes magical contamination when unequipped.
 J - a ring of willpower
 L - a +4 ring of protection
 N - a ring of positive energy
 P - a ring of magical power
 Q - the amulet "Pezal" {rN++ Regen+}
   (You found it on level 3 of the Crypt)

   [amulet of regeneration]

   rN:        It greatly protects you from negative energy.
   Regen:     It increases your rate of health regeneration.
 S - the ring "Ylibiw" (right paw) {Contam rF+ Will+ MP+9}
   (You found it in a treasure trove)

   [ring of protection from fire]

   rF:        It protects you from fire.
   MP:        It affects your magic capacity (+9).
   Contam:    It causes magical contamination when unequipped.
   Will:      It increases your willpower.
 T - the ring of Yxe Buxt {rPois rC+}
   (You took it off a hell knight on level 5 of the Vaults)

   [ring of protection from cold]

   rC:        It protects you from cold.
   rPois:     It protects you from poison.
 U - the macabre finger necklace {rN+}
   (You found it on level 5 of the Vaults)

   [amulet of nothing]

   It enables you to equip an extra ring.
   rN:        It protects you from negative energy.
 V - a +4 ring of slaying
 Y - a +6 ring of intelligence
 Z - the amulet "Cegheoc" (around neck) {Regen+ Str+4}
   (You took it off a deep elf annihilator on level 3 of the Elven Halls)

   [amulet of regeneration]

   Str:       It affects your strength (+4).
   Regen:     It increases your rate of health regeneration.
Wands
 j - a wand of roots (38)
 q - a wand of charming (28)
 v - a wand of acid (45)
 x - a wand of flame (45)
 C - a wand of mindburst (16)
 H - a wand of digging (15)
Scrolls
 c - 16 scrolls of teleportation
 d - 7 scrolls of immolation
 u - 5 scrolls of fear
 y - a scroll of blinking
 D - 9 scrolls of poison
 F - 12 scrolls of fog
 G - 12 scrolls of vulnerability
 I - 5 scrolls of amnesia
 K - 3 scrolls of silence
 R - 7 scrolls of magic mapping
Potions
 a - 4 potions of magic
 b - 12 potions of attraction
 h - 7 potions of resistance
 i - 5 potions of flight
 k - 30 potions of curing
 l - 6 potions of haste
 m - 3 potions of berserk rage
 n - 4 potions of cancellation
 o - 6 potions of heal wounds
 p - 6 potions of brilliance
 r - 3 potions of might
 s - 7 potions of mutation
 z - 5 potions of ambrosia
 B - 6 potions of invisibility
Miscellaneous
 M - a condenser vane
 O - a phial of floods
 X - a lightning rod (4/4)


   Skills:
 - Level 21.0 Fighting
 - Level 21.0 Dodging
 - Level 4.8 Stealth
 - Level 21.0 Unarmed Combat
 + Level 16.2 Spellcasting
 - Level 5.0 Hexes
 - Level 16.0 Summonings
 - Level 18.0 Translocations
 - Level 16.0 Transmutations
 - Level 3.0 Fire Magic
 - Level 16.0 Air Magic
 - Level 3.0 Poison Magic


You had 14 spell levels left.
You knew the following spells:

 Your Spells              Type           Power      Damage    Failure   Level
a - Monstrous Menagerie   Summ           39%        N/A       1%          7
b - Manifold Assault      Tloc           83%        N/A       0%          5
c - Call Canine Familiar  Summ           78%        N/A       0%          3
d - Summon Guardian Gole  Hex/Summ       64%        N/A       1%          3
e - Summon Lightning Spi  Summ/Air       78%        N/A       0%          4
f - Summon Mana Viper     Hex/Summ       64%        N/A       1%          5
g - Mephitic Cloud        Conj/Pois/Air  50%        N/A       1%          3
h - Storm Form            Tmut/Air       39%        N/A       1%          7
i - Wereblood             Tmut           78%        N/A       0%          2

Your spell library contained the following spells:

 Spells                   Type           Power      Damage    Failure   Level
 Apportation              Tloc           100%       N/A       0%          1
 Beastly Appendage        Tmut           100%       N/A       0%          1
 Sting                    Tmut/Pois      100%       1d8       0%          1
 Summon Small Mammal      Summ           100%       N/A       0%          1
 Blink                    Tloc           100%       N/A       0%          2
 Call Imp                 Summ           78%        N/A       0%          2
 Gell's Gravitas          Tloc           83%        N/A       0%          3
 Lesser Beckoning         Tloc           83%        N/A       0%          3
 Swiftness                Air            78%        N/A       0%          3
 Teleport Other           Tloc           83%        N/A       0%          3
 Airstrike                Air            39%        2d(6-22)  0%          4
 Foxfire                  Conj/Fire      100%       2x1d9     1%          1
 Magic Dart               Conj           76%        1d6       1%          1
 Necrotise                Necr           76%        1d7       1%          1
 Sandblast                Erth           38%        2d10      1%          1
 Shock                    Conj/Air       100%       1d9       1%          1
 Slow                     Hex            100%       N/A       1%          1
 Ensorcelled Hibernation  Hex/Ice        64%        N/A       1%          2
 Passwall                 Tmut/Erth      46%        N/A       1%          2
 Poisonous Vapours        Pois/Air       100%       N/A       1%          2
 Searing Ray              Conj           38%        2d5       1%          2
 Confusing Touch          Hex            44%        N/A       1%          3
 Dazzling Flash           Conj/Hex       64%        N/A       1%          3
 Ignite Poison            Fire/Tmut/Pois 54%        N/A       1%          3
 Tukima's Dance           Hex            44%        N/A       1%          3
 Cause Fear               Hex            22%        N/A       1%          4
 Ice Form                 Ice/Tmut       56%        N/A       1%          4
 Petrify                  Tmut/Erth      56%        N/A       1%          4
 Summon Ice Beast         Ice/Summ       56%        N/A       1%          4
 Alistair's Intoxication  Tmut/Pois      40%        N/A       1%          5
 Blade Hands              Tmut           39%        N/A       1%          5
 Silence                  Hex/Air        32%        N/A       1%          5
 Summon Forest            Summ/Tloc      40%        N/A       1%          5
 Yara's Violent Unravell  Hex/Tmut       32%        3d13      1%          5
 Dragon Form              Tmut           39%        N/A       1%          7
 Ozocubu's Armour         Ice            19%        N/A       3%          3
 Stone Arrow              Conj/Erth      38%        3d9       3%          3
 Vampiric Draining        Necr           19%        2d7       3%          3
 Olgreb's Toxic Radiance  Pois           34%        N/A       3%          4
 Freezing Cloud           Conj/Ice/Air   23%        6-21      3%          5
 Eringya's Noxious Bog    Tmut/Pois      30%        N/A       3%          6
 Fulminant Prism          Conj/Hex       16%        3d11      4%          4
 Leda's Liquefaction      Hex/Erth       16%        N/A       4%          4
 Disjunction              Tloc           41%        N/A       5%          8
 Flame Wave               Conj/Fire      27%        2d9       7%          4
 Conjure Ball Lightning   Conj/Air       28%        3x3d8     8%          6
 Statue Form              Tmut/Erth      37%        N/A       8%          6
 Animate Dead             Necr           19%        N/A       13%         4
 Dispel Undead            Necr           19%        3d11      13%         4
 Metabolic Englaciation   Hex/Ice        16%        N/A       13%         5
 Maxwell's Capacitive Co  Air            39%        ∞         13%         8
 Fireball                 Conj/Fire      13%        3d7       21%         5
 Agony                    Necr           19%        N/A       36%         5
 Borgnjor's Vile Clutch   Necr/Erth      9%         N/A       36%         5
 Iskenderun's Battlesphe  Conj           19%        2d7       36%         5
 Haunt                    Necr/Summ      28%        N/A       41%         7
 Spellforged Servitor     Conj/Summ      28%        N/A       41%         7
 Starburst                Conj/Fire      13%        6d6       77%         6
 Enfeeble                 Hex            22%        N/A       85%         7
 Dragon's Call            Summ           39%        N/A       91%         9
 Death Channel            Necr           9%         N/A       92%         6
 Iron Shot                Conj/Erth      9%         9d3       92%         6
 Simulacrum               Ice/Necr       9%         N/A       92%         6
 Necromutation            Tmut/Necr      28%        N/A       98%         8
 Ozocubu's Refrigeration  Ice            9%         4d9       100%        7
 Borgnjor's Revivificati  Necr           9%         N/A       100%        8
 Discord                  Hex            22%        N/A       100%        8
 Ignition                 Fire           17%        3d7       100%        8
 Infestation              Necr           9%         N/A       100%        8
 Death's Door             Necr           9%         N/A       100%        9
 Shatter                  Erth           9%         3d11*     100%        9
 Animate Armour           Summ/Erth      Unusable   N/A       N/A         4

Dungeon Overview and Level Annotations

Branches:
Dungeon (15/15)            Temple (0/1) D:6            Lair (5/5) D:9
 Shoals (4/4) Lair:3        Snake (4/4) Lair:3        Slime (5/5) Lair:4
    Orc (2/2) D:10            Elf (3/3) Orc:2        Vaults (5/5) D:14
  Crypt (3/3) Vaults:2       Tomb (0/3) Crypt:3      Depths (4/4) D:15
    Zot (5/5) Depths:4    Ossuary (visited)          Bailey (visited)

Altars:
Ashenzari
Cheibriados
Dithmenos
Elyvilon
Fedhas
Gozag
Hepliaklqana
Kikubaaqudgha
Makhleb
Nemelex Xobeh
Okawaru
Qazlal
Ru
Sif Muna
Trog
Uskayaw
Vehumet
Wu Jian
Xom
Yredelemnul
Zin
The Shining One
Jiyva

Shops:
D:1 !   D:3 *   D:5 *   D:6 (   D:8 !   Orc:2 [:?(*   Elf:2 *[([(   Elf:3 (
Shoals:1 *[(*   Snake:1 !([   Snake:4 *   Vaults:1 [   Vaults:2 (*(:
Depths:2 ?*!

Portals:
Hell: Depths:1 Depths:2 Depths:4
Abyss: Depths:1 Depths:2
Pandemonium: Depths:2 Depths:4

Annotations:
Slime:5 Royal Jelly
Zot:2 2 transporters, exclusion: orange crystal statue, Decrayps's ghost, veteran FeEn; Sofait's ghost, legendary GnFE
Zot:3 4 transporters


Innate Abilities, Weirdness & Mutations

You have sharp claws.
You have razor-sharp teeth.
You have supernaturally acute eyesight. (SInv)
You cover ground quickly. (Speed+)
Your thick and shaggy fur keeps you warm. (AC +3, rC+)
Your paws help you pounce on unaware monsters.
You are incapable of wielding weapons or throwing items.
You cannot wear armour.
You gain extra lives every three experience levels.
You have a somewhat thin skeletal structure. (Dex +2, Stealth+)
Your skin changes colour to match your surroundings (Stealth+).
Your flesh is cold resistant. (rC+)
Your body sometimes deteriorates upon taking damage.
Your flesh is heat resistant. (rF+)
You are occasionally teleported next to monsters.
You are weak. (Str -2)
You have great hidden genetic potential.
Your spells are a little easier to cast, but a little less powerful.
You passively dampen the noise of your surroundings.


Message History

You kill the Orb Guardian!
You blast the white draconian!!!
You hit the Orb Guardian.
Lightning courses through the Orb Guardian!
You closely miss the Orb Guardian. The death cob completely misses you.
The Orb Guardian completely misses you. x2
The green draconian monk misses you.
The green draconian monk completely misses you.
The green draconian monk closely misses you.
The green draconian monk completely misses you.
The golden dragon bites you!
* * * LOW HITPOINT WARNING * * *
The golden dragon closely misses you. x2
The Orb Guardian attacks as you move away!
The Orb Guardian hits you!!
* * * LOW HITPOINT WARNING * * *
Your body deteriorates!
You feel weakened.
The golden dragon attacks as you move away!
The golden dragon completely misses you. x3
The death cob misses you. The death cob completely misses you.
The Orb Guardian completely misses you. The death cob misses you.
The white draconian completely misses you.
The green draconian monk misses you.
The green draconian monk completely misses you.
The green draconian monk tail-slaps you but does no damage. x2
The Orb Guardian misses you. The Orb Guardian hits you!
* * * LOW HITPOINT WARNING * * *
The Orb Guardian attacks as you move away!
The Orb Guardian completely misses you.
The Orb Guardian attacks as you move away!
The Orb Guardian completely misses you.
The white draconian attacks as you move away!
The white draconian misses you.
You feel a strong urge to attack something.
Your transformation has ended.
The death cob barely misses you. The death cob attacks as you move away!
The death cob completely misses you.
The Orb Guardian attacks as you move away!
The Orb Guardian completely misses you. The death cob completely misses you.
The white draconian hits you with a +0 dire flail!
You die...

**,,^*##########...#**,,,,,,,,,,,
***,,,............##*,,,,,,,,,,,,
* **,,.....(....^## *,,,,,,,,,,,,
* *,,...........# *,,,,,,,,,,,, *
**,.........d## *,,,^,,^^,,,, *
*,......qDq.# *,,^,,,,,,,,, *
**,......Dd.X## *,,,,,,,,,,,, *
*,,...^?..d.Xd# **,,,,,,,,,,,
**,,........Xz@#* **,,,,^,,,,,
*,,,........dX..# **,,,,,,,,,
****####.########**************
#.,* *,,,,,,,,,,,**^ ##,*
*,,,^⌠,,,,,,**, *,*
*,,,,,,,,,,,**, *,*
*,,,,,,,~,,,**, *^*
*,,,,,,,~,,,*##
***********,*******,,,,,,,,,,,+..


You could see a shadow dragon, a green draconian monk, a golden dragon, a yellow
draconian, a purple draconian, a red draconian, 2 draconians, a death cob, 4 Orb
Guardians and a yellow draconian annihilator.

Vanquished Creatures
  An ancient lich (Vaults:5)
  A dread lich (Crypt:3)
  2 orbs of fire
  Mara (Depths:1)
  Vv (Zot:3)
  A curse toe (Zot:3)
  5 caustic shrikes (Depths:3)
  2 golden dragons
  Nikola (Depths:2)
  5 bone dragons
  A shard shrike skeleton (Crypt:3)
  5 tentacled monstrosities
  An Orb Guardian (Zot:5)
  Mlioglotl (Shoals:4)
  5 liches
  2 deep elf blademasters (Elf:3)
  A walking divine tome (Depths:3)
  2 titans (Vaults:5)
  6 quicksilver dragons
  A deep elf master archer (Elf:3)
  Polyphemus (Shoals:3)
  3 death cobs
  A tentacled starspawn (Abyss:3)
  5 ancient champions (Crypt:3)
  A kraken (Shoals:3)
  5 sphinxes
  4 shadow dragons
  Roxanne (Shoals:3)
  5 tengu reavers
  5 revenants
  4 storm dragons
  6 draconian monks
  4 draconian knights
  A draconian scorcher (Depths:4)
  5 fire giants
  8 vault wardens
  Ilsuiw (Shoals:3)
  9 frost giants
  A balrug (Depths:2)
  5 deep elf sorcerers
  2 iron dragons
  A caustic shrike zombie (Crypt:1)
  A draconian stormcaller (Zot:4)
  2 draconian annihilators
  3 draconian shifters
  2 caustic shrike skeletons (Crypt:3)
  8 ironbound preservers
  A reaper (Zig:5)
  3 spriggan defenders (Depths:3)
  3 war gargoyles (Vaults:5)
  10 green draconians
  18 very ugly things
  A juggernaut skeleton (Depths:2)
  6 vampire knights
  A starcursed mass (Abyss:3)
  3 purple draconians
  8 black draconians
  11 stone giants
  Nessos (Lair:3)
  A deep elf demonologist (Elf:3)
  5 ironbound thunderhulks
  5 deep elf annihilators (Elf:3)
  3 white draconians
  A lorocyproca (Depths:4)
  3 yellow draconians
  5 red draconians
  A dire elephant (Vaults:2)
  6 spark wasps
  2 entropy weavers
  3 ettins
  An acid blob zombie (Crypt:2)
  4 deep elf death magi (Elf:3)
  5 jiangshi
  7 fire dragons
  2 eidola
  2 crystal guardians (Vaults:2)
  4 yaktaur captains
  2 merfolk javelineers (Shoals:4)
  3 great orbs of eyes (Vaults:2)
  A deep elf high priest (Elf:3)
  3 merfolk impalers
  2 boulder beetles
  7 ice dragons
  10 vault guards
  2 rakshasas (Depths:3)
  2 spriggan skeletons (Crypt:3)
  A fenstrider witch zombie (Crypt:3)
  7 spriggan air magi
  5 naga warriors (Snake:4)
  3 ironbound frosthearts (Vaults:2)
  2 death knights (Crypt:1)
  A salamander tyrant (Depths:2)
  4 centaur warriors (Vaults:3)
  A two-headed ogre (Vaults:3)
  9 deep troll shamans (Depths:3)
  An alligator (Zig:3)
  11 deep troll earth magi
  8 dancing weapons
  8 vampire magi
  A shock serpent (Snake:4)
  4 tengu warriors
  A naga sharpshooter (Snake:4)
  A thrashing horror (Abyss:3)
  An Orb Guardian skeleton (Crypt:1)
  17 hell knights
  7 spriggans (Depths:3)
  10 deep elf knights
  5 spriggan berserkers
  A sun demon (Depths:2)
  2 wretched stars (Abyss:3)
  5 iron trolls
  41 skeletal warriors
  2 shadow wraiths (Crypt:3)
  A soul eater (Crypt:2)
  A titan skeleton (Depths:1)
  A goliath frog (Zig:3)
  3 salamander mystics
  A sixfirhy (Abyss:3)
  A storm dragon skeleton (Crypt:3)
  7 flayed ghosts
  A sea snake (Shoals:4)
  42 deep trolls
  A naga ritualist (Snake:4)
  A bog body (Crypt:2)
  7 lindwurms
  2 glowing orange brains (Depths:4)
  2 orc knights (Vaults:5)
  A harpy (Vaults:4)
  5 deep elf archers
  A wizard (Vaults:1)
  9 necromancers
  An anaconda skeleton (Crypt:3)
  An iron giant skeleton (Crypt:3)
  8 ironbound convokers
  9 phantasmal warriors
  2 bunyip skeletons (Crypt:3)
  20 deep elf pyromancers
  2 fauns
  8 deep elf zephyrmancers
  A tengu skeleton (Depths:2)
  14 moths of wrath
  A manticore (Shoals:3)
  10 ugly things
  3 stone giant skeletons
  16 salamanders
  A frost giant skeleton (Depths:1)
  2 naga magi (Snake:4)
  An alligator snapping turtle zombie (Crypt:3)
  A rust devil (Depths:4)
  3 black mambas (Snake:4)
  A guardian serpent (Snake:4)
  2 merfolk sirens
  A storm dragon simulacrum (Depths:2)
  9 vault sentinels
  12 yaktaurs
  A steelbarb worm zombie (Crypt:3)
  3 centaur skeletons (Crypt:3)
  2 spriggan zombies
  A yaktaur (shapeshifter) (Elf:1)
  A grey draconian skeleton (Crypt:3)
  4 tengu conjurers
  A freezing wraith (Crypt:1)
  A guardian mummy (Crypt:3)
  A harpy zombie (Crypt:2)
  An ancient zyme (Abyss:3)
  5 merfolk
  2 trolls
  7 hornets (Depths:3)
  3 slime creatures
  4 harpy skeletons
  4 nameless horrors
  2 wind drakes
  3 snapping turtles (Shoals:4)
  11 flying skulls
  A frost giant simulacrum (Depths:1)
  An air elemental (Shoals:4)
  5 water elementals
  5 wraiths
  2 yaks (Lair:5)
  A wind drake skeleton (Crypt:1)
  A fire elemental (Elf:1)
  A vampire mosquito (D:13)
  A large abomination (Abyss:3)
  A chaos spawn (Abyss:3)
  2 wargs
  A faun zombie (Crypt:2)
  8 nagas
  A fire bat skeleton (Crypt:2)
  A deep troll skeleton (Crypt:3)
  2 floating eyes (Depths:3)
  An ice beast (D:7)
  4 naga skeletons (Crypt:3)
  7 orc warriors
  A black bear (D:7)
  A floating eye zombie (Crypt:2)
  A cane toad skeleton (Crypt:1)
  An ettin simulacrum (Crypt:2)
  An ogre (shapeshifter) (Vaults:5)
  A wolf (Lair:3)
  A bullfrog (D:9)
  A necrophage (Crypt:2)
  2 earth elementals (Elf:3)
  A shapeshifter skeleton (Crypt:2)
  A howler monkey (D:10)
  11 electric eels
  A centaur zombie (Crypt:3)
  An orc priest (Orc:2)
  2 orc wizards (Orc:2)
  A naga zombie (Crypt:1)
  A bullfrog simulacrum (Lair:1)
  An ogre skeleton (Crypt:2)
  8 mummies (Crypt:3)
  2 gnolls (Orc:2)
  An adder zombie (Crypt:3)
  A lava snake zombie (Crypt:2)
  A lava snake skeleton (Crypt:1)
  6 orcs
  A bat (D:1)
  2 goblins (D:4)
  A jackal skeleton (Crypt:3)
  3 kobolds
  A kobold zombie (Ossuary)
  A starspawn tentacle (Abyss:3)
  2 tentacles (Shoals:3)
835 creatures vanquished.

Vanquished Creatures (collateral kills)
  A dread lich (Vaults:5)
  A juggernaut (Depths:3)
  Bai Suzhen (Shoals:4)
  Saint Roka (Snake:2)
  2 curse toes (Zot:4)
  3 golden dragons
  A bone dragon (Depths:4)
  A tentacled monstrosity (Depths:1)
  A walking earthen tome (Depths:3)
  A deep elf blademaster (Elf:2)
  2 quicksilver dragons
  2 liches
  2 titans
  A walking divine tome (Depths:1)
  A deep elf master archer (Elf:3)
  An ancient champion (Crypt:3)
  A tentacled starspawn (Abyss:3)
  Agnes (D:14)
  4 storm dragons
  3 shadow dragons
  5 nagarajas (Snake:4)
  Donald (Snake:2)
  2 frost giants
  A fire giant (Depths:3)
  5 vault wardens
  The ghost of MeatBomb the Severer, a journeyman MiBe of Trog (Orc:2)
  Aizul (Snake:2)
  2 deep elf elementalists
  A deep elf sorcerer (Elf:3)
  Louise (D:14)
  A cacodemon (Depths:2)
  A ghoul (Crypt:2)
  3 ironbound preservers
  An ironbound thunderhulk (Vaults:2)
  2 war gargoyles
  5 stone giants
  3 deep elf demonologists (Elf:3)
  The ghost of qeuew the Impaler, a journeyman MfGl of Gozag (Snake:1)
  9 very ugly things
  Azrael (D:12)
  A purple draconian (Depths:4)
  4 deep elf annihilators
  2 entropy weavers
  3 dire elephants (Vaults:2)
  A white draconian (Zot:1)
  A yellow draconian (Zot:1)
  The ghost of Omegus91 the Cleaver, a journeyman HOFi of Okawaru (D:12)
  5 ettins
  4 fire dragons
  6 merfolk javelineers (Shoals:4)
  3 jiangshi
  An eidolon (Crypt:3)
  9 merfolk impalers
  A yaktaur captain (Vaults:5)
  Josephine (D:10)
  2 deep elf death magi (Elf:3)
  12 vault guards
  A great orb of eyes (Vaults:1)
  2 salamander tyrants (Snake:4)
  3 deep elf high priests
  An ogre mage (Vaults:3)
  An ice dragon (Depths:3)
  5 hydras
  2 peacekeepers (Vaults:2)
  2 merfolk avatars
  A fenstrider witch zombie (Crypt:3)
  8 anacondas
  3 catoblepae
  An ironbound frostheart (Vaults:5)
  2 boulder beetles
  3 centaur warriors
  2 alligator snapping turtles (Shoals:3)
  7 two-headed ogres
  A death knight (Crypt:1)
  17 naga warriors
  4 merfolk aquamancers
  A satyr (Shoals:2)
  2 tengu warriors (D:15)
  20 dancing weapons
  A vampire mage (Crypt:1)
  9 death yaks
  2 deep troll earth magi (Depths:3)
  2 orc high priests (Orc:2)
  8 naga sharpshooters
  2 deep troll shamans
  A spriggan berserker (Depths:4)
  Nergalle (Orc:1)
  8 shock serpents
  A hell knight (Vaults:5)
  A soul eater (Depths:4)
  Urug (D:13)
  The ghost of safid the Skirmisher, a novice MiHu (D:7)
  A sun demon (Depths:4)
  An iron troll (Depths:3)
  10 deep elf knights
  5 salamander mystics
  16 sea snakes
  Lodul (D:13)
  A bog body (Zig:3)
  7 naga ritualists
  4 glowing orange brains
  9 deep trolls
  4 skeletal warriors
  3 wizards
  A phantasmal warrior (Vaults:5)
  9 harpies
  8 deep elf archers
  A golden dragon skeleton (Zig:2)
  3 ironbound convokers
  15 orc knights
  24 ugly things
  8 deep elf pyromancers
  16 deep elf zephyrmancers
  6 lindwurms
  5 fauns
  13 mana vipers
  4 orc sorcerers
  2 necromancers
  20 salamanders
  A will-o-the-wisp (Zig:3)
  2 oklob plants (Lair:4)
  4 moths of wrath
  14 manticores
  A cyclops (D:14)
  13 elephants
  21 naga magi
  3 torpor snails (Lair:4)
  Maurice (Orc:1)
  3 guardian serpents
  4 vault sentinels
  An ice statue (D:14)
  9 merfolk sirens
  An apocalypse crab (Abyss:3)
  A dire elephant skeleton (Crypt:3)
  38 black mambas
  13 water nymphs
  7 cane toads
  19 yaktaurs
  A rime drake (Lair:3)
  7 komodo dragons
  Psyche (D:8)
  An unseen horror (D:11)
  A kobold demonologist (D:9)
  A guardian mummy (D:10)
  A death drake zombie (Crypt:2)
  An ice devil (Depths:2)
  2 tengu conjurers
  2 red devils
  A freezing wraith (Vaults:5)
  A polar bear (shapeshifter) (D:13)
  25 merfolk
  A queen bee (shapeshifter) (D:15)
  9 trolls
  A hornet (Depths:3)
  A polar bear (Lair:5)
  17 blink frogs
  6 wind drakes
  4 snapping turtles
  23 slime creatures
  5 dream sheep (Lair:3)
  A culicivora (Vaults:3)
  4 flying skulls
  6 air elementals
  A spriggan (Depths:3)
  11 wraiths
  4 wyverns
  A vampire (D:10)
  An ushabti (Zig:2)
  3 fire elementals
  A dire elephant simulacrum (Lair:1)
  5 nameless horrors
  20 water elementals
  2 steam dragons
  40 yaks
  6 basilisks
  2 redbacks (Vaults:3)
  2 large abominations (Abyss:3)
  5 wargs
  A glowing shapeshifter zombie (Crypt:3)
  7 vampire mosquitoes
  44 nagas
  2 acid dragons
  5 hell hounds (D:12)
  13 water moccasins
  43 orc warriors
  A swamp drake (D:10)
  The ghost of jamesblauser the Chopper, an amateur DrBe of Trog (D:3)
  3 sky beasts (D:7)
  7 black bears
  10 wolves
  A swamp dragon skeleton (Crypt:3)
  9 boggarts
  12 ogres
  24 centaurs
  A phantom (D:6)
  A kobold brigand (D:7)
  3 necrophages
  15 bullfrogs
  2 earth elementals (Elf:1)
  3 gnoll sergeants
  A naga simulacrum (Crypt:2)
  8 scorpions
  A cane toad simulacrum (Lair:1)
  8 wights
  13 killer bees
  2 electric eels
  A jelly (D:7)
  13 howler monkeys
  3 hounds (D:6)
  5 centaur zombies (Ossuary)
  4 human zombies (Ossuary)
  A komodo dragon simulacrum (Lair:1)
  18 orc priests
  A gnoll bouda (D:7)
  A water moccasin simulacrum (Lair:1)
  4 iguanas
  27 orc wizards
  4 scorpion zombies (Ossuary)
  9 hell rats
  A polar bear simulacrum (Lair:1)
  7 mummies
  8 adders
  17 gnolls
  2 shadow imps
  3 white imps
  5 ufetubi
  3 worms
  3 dart slugs
  117 orcs
  7 ball pythons
  A bat (D:2)
  A bat zombie (D:7)
  2 endoplasms
  3 giant cockroaches
  A gnoll zombie (Ossuary)
  12 goblins
  5 hobgoblins
  3 jackals (D:2)
  A quokka (D:2)
  2 goblin zombies (Ossuary)
  3 hobgoblin zombies (Ossuary)
  7 kobolds
  2 kobold zombies (Ossuary)
  An orc zombie (Ossuary)
  5 rats
  A rat zombie (D:7)
  A starspawn tentacle (Abyss:3)
  2 tentacles (Shoals:1)
1400 creatures vanquished.

Vanquished Creatures (others)
  A dread lich (Vaults:5)
  An ancient lich (Vaults:5)
  A golden dragon (Vaults:5)
  A hellephant (Depths:2)
  A lich (Vaults:5)
  A quicksilver dragon (Vaults:5)
  A kraken (Shoals:1)
  A tengu reaver (Vaults:4)
  A deep elf sorcerer (Vaults:4)
  A vault warden (Vaults:5)
  A cacodemon (Zig:5)
  A deep elf demonologist (Vaults:4)
  A deep elf high priest (Elf:1)
  3 yaktaur captains
  Erolcha (D:11)
  2 centaur warriors
  19 vault guards (Vaults:5)
  An ironbound frostheart (Vaults:4)
  Erica (D:8)
  2 hell knights (Vaults:5)
  A sixfirhy (Abyss:3)
  A flayed ghost (Depths:2)
  An ironbound convoker (Vaults:5)
  A harpy (Shoals:2)
  A necromancer (Vaults:5)
  An orc knight (Bailey)
  A deep elf pyromancer (Vaults:4)
  A deep elf zephyrmancer (Elf:2)
  A salamander (Snake:3)
  A moth of wrath (Zot:5)
  A manticore (Shoals:4)
  5 vault sentinels
  A merfolk siren (Shoals:3)
  A tengu conjurer (D:14)
  A slime creature (Abyss:3)
  A komodo dragon (D:9)
  3 yaktaurs
  An orb spider zombie (Crypt:1)
  A hornet (D:9)
  A wraith (D:7)
  A wyvern (D:7)
  18 dancing weapons
  2 yaks
  A basilisk (D:9)
  A redback (Vaults:4)
  A warg (Orc:2)
  2 water moccasins
  Duvessa (D:7)
  4 orc warriors
  2 ice beasts (D:6)
  A black bear (D:6)
  A wolf (Lair:3)
  An ogre (D:4)
  A centaur (D:9)
  A bullfrog (D:8)
  A scorpion (D:5)
  Dowan (D:7)
  A killer bee (D:9)
  A howler monkey (D:12)
  43 jellies
  2 gnoll boudas (D:5)
  An orc priest (D:4)
  Ijyb (D:4)
  2 orc wizards
  A mummy (Ossuary)
  6 gnolls
  A steam dragon skeleton (Crypt:1)
  A white imp (Abyss:3)
  An endoplasm (Abyss:3)
  5 orcs
  A hobgoblin zombie (Ossuary)
  A river rat skeleton (Crypt:1)
  16 foxfires
  32 fungi
  2 lurking horrors (Abyss:3)
  184 plants
  12 starspawn tentacles (Abyss:3)
  6 tentacles
428 creatures vanquished.

Grand Total: 2663 creatures vanquished

Notes
Turn   | Place    | Note
-------+----------+-------------------------------------------
     0 | D:1      | croobank the Felid Summoner began the quest for the Orb.
     0 | D:1      | Reached XP level 1. HP: 7/7 MP: 4/4
   347 | D:1      | Reached XP level 2. HP: 11/11 MP: 3/6
   483 | D:1      | Learned a level 2 spell: Call Imp
   837 | D:1      | Found Toixen's Distillery.
  1445 | D:2      | Reached XP level 3. HP: 14/14 MP: 4/7
  1449 | D:2      | Learned a level 3 spell: Call Canine Familiar
  1865 | D:2      | Got the Commentary on Shapes and Combustion
  2015 | D:2      | Found a faded altar of an unknown god.
  2717 | D:3      | Found Zin's Purification Station.
  2723 | D:3      | Found a glowing silver altar of Zin.
  2836 | D:3      | Noticed jamesblauser's ghost (amateur DrBe)
  2852 | D:3      | Reached XP level 4. HP: 16/18 MP: 0/8
  2922 | D:3      | Found a runed translucent gate.
  2922 | D:3      | Found a runed translucent gate.
  2922 | D:3      | Found a runed translucent gate.
  3596 | D:4      | Noticed a scorpion
  3939 | D:4      | Found a broken altar of Ashenzari.
  3952 | D:4      | Killed a scorpion
  3953 | D:4      | Reached XP level 5. HP: 21/21 MP: 1/10
  4041 | D:4      | Found a sand-covered staircase.
  4046 | Ossuary  | Entered an ossuary
  4056 | Ossuary  | Learned a level 3 spell: Summon Guardian Golem
  4113 | Ossuary  | Reached skill level 1 in Fighting
  4113 | Ossuary  | Reached skill level 5 in Summonings
  4113 | Ossuary  | Gained mutation: You are covered in thick fur. (AC +2)
                  | [Felid growth]
  4113 | Ossuary  | Reached XP level 6. HP: 22/25 MP: 1/11
  4167 | Ossuary  | Reached skill level 1 in Hexes
  4305 | Ossuary  | Reached skill level 5 in Dodging
  4623 | Ossuary  | Reached XP level 7. HP: 30/30 MP: 8/13
  4992 | Ossuary  | Reached skill level 5 in Hexes
  5166 | D:4      | Reached XP level 8. HP: 29/36 MP: 8/15
  5224 | D:4      | Found a sacrificial altar of Ru.
  5530 | D:4      | Found a hide-covered altar of Uskayaw.
  5629 | D:4      | Noticed Ijyb
  5642 | D:4      | Killed Ijyb
  6089 | D:4      | Identified a scroll of acquirement
  6089 | D:4      | Acquired the Papyrus of Shadowy Glamour
  6106 | D:5      | Entered Level 5 of the Dungeon
  6214 | D:5      | Found an iron altar of Okawaru.
  6318 | D:5      | Found Erphasm's Assorted Antiques.
  6509 | D:5      | Reached skill level 5 in Fighting
  6566 | D:5      | Slain by a gnoll
  6567 | D:5      | Reached XP level 7. HP: -2/33 MP: 14/14
  7125 | D:5      | Found a hazy altar of Hepliaklqana.
  7506 | D:6      | Found a sparkling altar of Nemelex Xobeh.
  7515 | D:6      | Slain by a water moccasin
  7516 | D:6      | Reached XP level 6. HP: -5/30 MP: 10/14
  7543 | D:6      | Reached XP level 7. HP: 33/33 MP: 4/15
  7715 | D:6      | Reached skill level 5 in Spellcasting
  8030 | D:6      | Reached XP level 8. HP: 38/38 MP: 1/16
  8501 | D:6      | Found an opulent altar of Gozag.
  8506 | D:6      | Became a worshipper of Gozag Ym Sagoz the Greedy
  8745 | D:6      | Found Hiuthek's Antique Weapon Emporium.
  8929 | D:6      | Found a staircase to the Ecumenical Temple.
  9093 | D:7      | Learned a level 4 spell: Summon Lightning Spire
  9228 | D:7      | Noticed Duvessa
  9243 | D:7      | Noticed Dowan
  9244 | D:7      | Killed Duvessa
  9264 | D:7      | Killed Dowan
  9356 | D:7      | Reached skill level 1 in Air Magic
  9625 | D:7      | Reached XP level 9. HP: 33/43 MP: 13/18
  9666 | D:7      | Found a flagged portal.
  9688 | Bailey   | Entered a bailey
  9773 | Bailey   | Noticed an orc knight
  9779 | Bailey   | Killed an orc knight
 10098 | Bailey   | Found a large runed translucent door.
 10098 | Bailey   | Found a large runed translucent door.
 10099 | Bailey   | Noticed a deep elf zephyrmancer
 10135 | Bailey   | Killed a deep elf zephyrmancer
 10153 | Bailey   | Identified the +1 robe "Ucutwomm" {Harm Dex+3}
 10155 | Bailey   | Got the Secrets of Calorific Necromancy
 10352 | D:7      | Found an ancient bone altar of Kikubaaqudgha.
 10652 | D:7      | Identified the +9 hand axe of Nupaen {venom, rF+ rCorr
                  | MP+9}
 10663 | D:7      | Found a burning altar of Makhleb.
 10688 | D:7      | Noticed a green death
 10693 | D:7      | Noticed an orange demon
 10782 | D:7      | Noticed safid's ghost (novice MiHu)
 10800 | D:7      | Noticed a moth of wrath
 10869 | D:7      | Found a transporter.
 10907 | D:7      | Found a transporter.
 11003 | D:7      | Found a basalt altar of Yredelemnul.
 11003 | D:7      | Found a glowing golden altar of the Shining One.
 11004 | D:7      | Found a shadowy altar of Dithmenos.
 11214 | D:8      | Noticed Erica
 11214 | D:8      | Found a white marble altar of Elyvilon.
 11228 | D:8      | Reached XP level 10. HP: 27/48 MP: 10/20
 11229 | D:8      | Killed Erica
 11412 | D:8      | Noticed Psyche
 11432 | D:8      | Killed Psyche
 11711 | D:8      | Found Vuroehim's Distillery.
 11719 | D:8      | Bought a potion of magic for 96 gold pieces
 11719 | D:8      | Bought a potion of invisibility for 96 gold pieces
 11719 | D:8      | Bought a potion of might for 48 gold pieces
 11954 | D:8      | Found a shimmering altar of Xom.
 11954 | D:8      | Found a shimmering altar of Xom.
 11954 | D:8      | Found a shimmering altar of Xom.
 11954 | D:8      | Found a shimmering altar of Xom.
 12096 | D:8      | Found a blossoming altar of Fedhas.
 12894 | D:9      | Reached skill level 10 in Dodging
 12980 | D:9      | Found a radiant altar of Vehumet.
 13169 | D:9      | Reached XP level 11. HP: 53/53 MP: 12/22
 14191 | D:9      | Found a staircase to the Lair.
 14212 | D:9      | Learned a level 5 spell: Summon Mana Viper
 14216 | D:9      | Learned a level 3 spell: Mephitic Cloud
 14220 | D:9      | Learned a level 3 spell: Ignite Poison
 14738 | D:10     | Entered Level 10 of the Dungeon
 14740 | D:10     | Noticed Josephine
 14934 | Lair:1   | Entered Level 1 of the Lair of Beasts
 15067 | Lair:1   | Gained mutation: Your thick and shaggy fur keeps you warm.
                  | (AC +3, rC+) [Felid growth]
 15067 | Lair:1   | Reached XP level 12. HP: 58/58 MP: 15/24
 15161 | Lair:1   | Noticed a six-headed hydra
 15169 | Lair:1   | Killed a six-headed hydra
 15170 | Lair:1   | Reached skill level 1 in Transmutations
 15170 | Lair:1   | Reached skill level 1 in Fire Magic
 15170 | Lair:1   | Reached skill level 5 in Air Magic
 15170 | Lair:1   | Reached skill level 1 in Poison Magic
 15404 | Lair:1   | Found a transporter.
 15427 | Lair:1   | Found a transporter.
 15835 | Lair:1   | Reached skill level 10 in Fighting
 17687 | Lair:3   | Reached XP level 13. HP: 62/62 MP: 7/26
 17832 | Lair:3   | Acquired the ring of Vomosatoic {Wiz Contam rF+ Dex+6 SInv}
 17995 | Lair:3   | Found a staircase to the Snake Pit.
 18043 | Lair:3   | Learned a level 7 spell: Monstrous Menagerie
 18345 | Lair:3   | Noticed Nessos
 18369 | Lair:3   | Killed Nessos
 18685 | Lair:3   | Found a staircase to the Shoals.
 19343 | Lair:4   | Found a snail-covered altar of Cheibriados.
 20450 | Lair:4   | Found a viscous altar of Jiyva.
 20679 | Lair:5   | Entered Level 5 of the Lair of Beasts
 20836 | Lair:4   | Found a staircase to the Slime Pits.
 22738 | Lair:5   | Reached XP level 14. HP: 67/67 MP: 17/28
 23649 | Lair:5   | Identified the +1 ring mail of the Forsaken Bounties
                  | {Slay+2}
 24188 | D:10     | Killed Josephine
 24201 | D:10     | Found a snail-covered altar of Cheibriados.
 24476 | D:10     | Found an ornate altar of the Wu Jian Council.
 24592 | D:10     | Found a shimmering blue altar of Sif Muna.
 24768 | D:10     | Found a bloodstained altar of Trog.
 25162 | D:10     | Found a portal to a secret trove of treasure.
 25712 | D:10     | Found a staircase to the Orcish Mines.
 26018 | D:11     | Noticed Erolcha
 26029 | D:11     | Killed Erolcha
 26076 | D:11     | Identified the +5 war axe of the Unliving {drain, rPois
                  | rCorr Str-4 Dex+3}
 26884 | D:12     | Noticed Azrael
 26898 | D:12     | Reached skill level 10 in Spellcasting
 27144 | Orc:1    | Entered Level 1 of the Orcish Mines
 27274 | D:10     | Learned a level 3 spell: Tukima's Dance
 27663 | Orc:1    | Noticed Nergalle
 27675 | Orc:1    | Killed Nergalle
 27814 | Orc:1    | Noticed Maurice
 27829 | Orc:1    | Killed Maurice
 28310 | Orc:2    | Entered Level 2 of the Orcish Mines
 29053 | Orc:2    | Reached skill level 15 in Summonings
 29237 | Orc:2    | Found a staircase to the Elven Halls.
 30345 | Orc:2    | Noticed MeatBomb's ghost (journeyman MiBe)
 30349 | Orc:2    | Found a runed translucent gate.
 30349 | Orc:2    | Found a runed translucent gate.
 30349 | Orc:2    | Found a runed translucent gate.
 30667 | Orc:2    | Found Paczikkedu's Antique Armour Shop.
 31119 | Orc:2    | Gained mutation: Your flesh is cold resistant. (rC+) [a
                  | neqoxec]
 31437 | Orc:2    | Reached XP level 15. HP: 73/73 MP: 23/30
 32362 | Orc:2    | Found Dozenliess's Magic Scroll Shoppe.
 32362 | Orc:2    | Found Qafam's Weapon Boutique.
 32364 | Orc:2    | Found Gaffeaga's Assorted Antiques.
 32366 | Orc:2    | Found Keqa's Book Emporium.
 32371 | Orc:2    | Bought a scroll of teleportation for 42 gold pieces
 32371 | Orc:2    | Bought a scroll of poison for 56 gold pieces
 32371 | Orc:2    | Bought a scroll of immolation for 56 gold pieces
 32371 | Orc:2    | Bought a scroll of teleportation for 42 gold pieces
 32374 | Orc:2    | Bought a potion of mutation for 248 gold pieces
 32374 | Orc:2    | Bought a scroll of blinking for 232 gold pieces
 32379 | Orc:2    | Bought a book of the Sky for 528 gold pieces
 32545 | Orc:2    | Killed MeatBomb's ghost
 32552 | Orc:2    | Reached skill level 15 in Dodging
 33387 | D:12     | Killed Azrael
 34226 | D:12     | Found a runed translucent door.
 34227 | D:12     | Noticed Omegus91's ghost (journeyman HOFi)
 34949 | D:13     | Found a stormy altar of Qazlal.
 34957 | D:13     | Noticed Lodul
 34957 | D:13     | Noticed Urug
 34965 | D:13     | Killed Urug
 34968 | D:13     | Killed Lodul
 35605 | D:14     | Noticed Agnes
 35616 | D:14     | Killed Agnes
 36124 | D:14     | Found a gate to the Vaults.
 36299 | D:13     | Reached skill level 5 in Transmutations
 37354 | D:14     | Noticed Louise
 37369 | D:14     | Killed Louise
 37713 | D:14     | Found a sparkling altar of Nemelex Xobeh.
 37989 | D:15     | Entered Level 15 of the Dungeon
 38135 | D:15     | Identified the +5 flail of the Feather {holy, Dex+4 Stlth-}
 39236 | D:15     | Reached XP level 16. HP: 79/79 MP: 12/31
 39241 | D:15     | Found a staircase to the Depths.
 39791 | Snake:1  | Entered Level 1 of the Snake Pit
 40622 | Snake:1  | Found a sparkling altar of Nemelex Xobeh.
 41328 | Snake:1  | Found Zoreith's Armour Shop.
 41330 | Snake:1  | Found Jibaqahu's Antique Weapon Boutique.
 41333 | Snake:1  | Found Epleirut's Distillery.
 41340 | Snake:1  | Bought a potion of resistance for 150 gold pieces
 41340 | Snake:1  | Bought a potion of magic for 120 gold pieces
 41340 | Snake:1  | Bought a potion of magic for 120 gold pieces
 41350 | Snake:1  | Found a runed translucent door.
 41350 | Snake:1  | Noticed qeuew's ghost (journeyman MfGl)
 42656 | Snake:2  | Noticed Aizul
 42678 | Snake:2  | Killed Aizul
 43764 | Snake:2  | Noticed Donald
 43775 | Snake:2  | Killed Donald
 44230 | Snake:2  | Reached skill level 10 in Air Magic
 44241 | Snake:2  | Noticed Saint Roka
 44256 | Snake:2  | Killed Saint Roka
 45777 | Snake:3  | Reached XP level 17. HP: 84/84 MP: 9/32
 46061 | Snake:3  | Reached skill level 15 in Fighting
 46251 | Snake:3  | Identified the +3 flail of Ustrethi {vorpal, rElec rPois
                  | Str+2}
 47248 | Snake:3  | Reached skill level 10 in Transmutations
 48028 | Snake:4  | Entered Level 4 of the Snake Pit
 50181 | Snake:4  | Got a serpentine rune of Zot
 51291 | D:3      | Killed jamesblauser's ghost
 51561 | D:5      | Bought a potion of magic for 264 gold pieces
 51696 | D:1      | Bought a potion of heal wounds for 55 gold pieces
 51696 | D:1      | Bought a potion of cancellation for 88 gold pieces
 51696 | D:1      | Bought a potion of might for 44 gold pieces
 51696 | D:1      | Bought a potion of might for 44 gold pieces
 51696 | D:1      | Bought a potion of heal wounds for 55 gold pieces
 51834 | D:8      | Bought a potion of resistance for 120 gold pieces
 52024 | Shoals:1 | Entered Level 1 of the Shoals
 52214 | Shoals:1 | Found Qoassy's Visitors' Centre.
 52324 | Shoals:1 | Found Qoassy's Merfolk Armours.
 52338 | Shoals:1 | Found Qoassy's Merfolk Weapons.
 52338 | Shoals:1 | Found Qoassy's Merfolk Magic.
 52391 | Shoals:1 | Noticed a kraken
 52405 | Shoals:1 | Killed a kraken
 53958 | Shoals:2 | Reached XP level 18. HP: 90/90 MP: 23/33
 54552 | Shoals:2 | Learned a level 7 spell: Storm Form
 54560 | Shoals:3 | Identified Roxanne's Collected Works on Transfiguration
 54560 | Shoals:3 | Noticed Roxanne
 54580 | Shoals:3 | Killed Roxanne
 54612 | Shoals:3 | Noticed Ilsuiw
 54647 | Shoals:3 | Killed Ilsuiw
 55774 | Shoals:3 | Noticed Polyphemus
 55779 | Shoals:4 | Entered Level 4 of the Shoals
 56295 | Shoals:3 | Killed Polyphemus
 57115 | Shoals:4 | Paralysed by an air elemental for 1 turns
 57536 | Shoals:4 | Found a stormy altar of Qazlal.
 57911 | Shoals:4 | Noticed Bai Suzhen
 57961 | Shoals:4 | Killed Bai Suzhen
 58175 | Shoals:4 | Noticed Mlioglotl
 58192 | Shoals:4 | Killed Mlioglotl
 58242 | Shoals:4 | Slain by a titan
 58243 | Shoals:4 | Reached XP level 17. HP: -3/87 MP: 4/32
 58534 | Shoals:4 | Killed a titan
 58647 | Shoals:4 | Got a barnacled rune of Zot
 58648 | Shoals:4 | Identified the +0 cloak of Unreason {rF+ Str+2 Int-4
                  | Slay+2}
 58649 | Shoals:4 | Identified the +9 great mace "Izebov" {vorpal, rN+}
 59614 | Elf:1    | Entered Level 1 of the Elven Halls
 60386 | Elf:1    | Reached XP level 18. HP: 83/92 MP: 6/33
 61985 | Elf:2    | Found Atydax's Armour Shop.
 62307 | Elf:2    | Found a runed translucent gate.
 62307 | Elf:2    | Found a runed translucent gate.
 62308 | Elf:2    | Found a runed translucent gate.
 62797 | Elf:3    | Entered Level 3 of the Elven Halls
 62983 | Elf:3    | Found Zaotodor's Antique Weapon Emporium.
 63039 | Elf:2    | Found Viplaezag's Antique Weapon Boutique.
 63116 | Elf:2    | Found Gec Xecu's Antique Weapon Boutique.
 63679 | Elf:2    | Found Feeripua's Armour Boutique.
 63722 | Elf:2    | Found Popeigri's General Store.
 63730 | Elf:2    | Bought a scroll of amnesia for 56 gold pieces
 63730 | Elf:2    | Bought 2 potions of heal wounds for 140 gold pieces
 63730 | Elf:2    | Bought a potion of flight for 42 gold pieces
 64036 | Orc:2    | Bought a book of the Senses for 384 gold pieces
 64248 | Vaults:1 | Entered Level 1 of the Vaults
 64414 | Vaults:1 | Reached skill level 1 in Translocations
 64646 | Vaults:1 | Reached skill level 1 in Unarmed Combat
 64680 | Vaults:1 | Reached skill level 15 in Transmutations
 64958 | Vaults:1 | Found Piceg's Antique Armour Shop.
 64994 | Vaults:1 | Identified the +10 great sword "Dopyocyo" {flame, rC+ rN++
                  | rCorr Str-3}
 65053 | Vaults:1 | Slain by a vault warden
 65054 | Vaults:1 | Reached XP level 17. HP: -3/88 MP: 27/32
 65951 | Vaults:2 | Reached skill level 5 in Translocations
 65988 | Vaults:2 | Reached XP level 18. HP: 73/92 MP: 7/33
 66154 | Vaults:2 | Found Cuacoh's Weapon Emporium.
 67078 | Vaults:2 | Reached skill level 5 in Unarmed Combat
 67366 | Vaults:2 | Found Buokh's Book Emporium.
 67373 | Vaults:2 | Bought a book of Death for 792 gold pieces
 67470 | Vaults:2 | Noticed a bone dragon
 67484 | Vaults:2 | Killed a bone dragon
 67486 | Vaults:2 | Reached skill level 15 in Air Magic
 67617 | Vaults:2 | Found a staircase to the Crypt.
 67646 | Vaults:2 | Found Tooge's Antique Armour Shoppe.
 67954 | Vaults:2 | Found Arphecyod's Weapon Emporium.
 67964 | Vaults:2 | Found Ocelexta's General Store.
 67970 | Vaults:2 | Bought a scroll of amnesia for 80 gold pieces
 67970 | Vaults:2 | Bought a wand of mindburst (4) for 112 gold pieces
 68945 | Vaults:3 | Identified the +0 ring mail of Indecent Exposure {rPois}
 69405 | Vaults:3 | Reached skill level 10 in Translocations
 69721 | Vaults:3 | Reached XP level 19. HP: 66/96 MP: 21/34
 70658 | D:1      | Bought a potion of might for 44 gold pieces
 70658 | D:1      | Bought a potion of berserk rage for 55 gold pieces
 70794 | D:8      | Bought a potion of might for 48 gold pieces
 73024 | D:5      | Bought a potion of might for 132 gold pieces
 73024 | D:5      | Bought a potion of brilliance for 132 gold pieces
 73319 | Snake:1  | Bought a potion of cancellation for 120 gold pieces
 73347 | Snake:1  | Killed qeuew's ghost
 73802 | Lair:1   | Learned a level 5 spell: Manifold Assault
 74290 | Vaults:5 | Entered Level 5 of the Vaults
 74391 | Vaults:5 | Noticed a dread lich
 74467 | Vaults:5 | Noticed an ancient lich
 74538 | Vaults:5 | Killed an ancient lich
 74540 | Vaults:5 | Killed a dread lich
 74739 | Vaults:5 | Identified the +9 broad axe of the Yoke {venom, rPois Str+3
                  | Int-5}
 74843 | Vaults:5 | Noticed an ancient lich
 74850 | Vaults:5 | Noticed a dread lich
 74858 | Vaults:5 | Killed a dread lich
 74883 | Vaults:5 | Identified the +4 eveningstar of Vodka {vorpal, Fly rElec
                  | rPois}
 74884 | Vaults:5 | Killed an ancient lich
 75025 | Vaults:5 | Reached skill level 10 in Unarmed Combat
 75171 | Vaults:5 | Noticed a golden dragon
 75185 | Vaults:5 | Killed a golden dragon
 75387 | Vaults:5 | Identified the ring of Yxe Buxt {rPois rC+}
 75397 | Vaults:5 | Identified the ring of Moderation {Fly Str+3 Slay+5}
 75540 | Vaults:5 | Reached skill level 15 in Translocations
 75839 | Vaults:5 | Reached XP level 20. HP: 100/100 MP: 3/35
 76177 | Vaults:5 | Got a silver rune of Zot
 76256 | Vaults:5 | Noticed a golden dragon
 76258 | Vaults:5 | Identified the +3 shortbow of the Trees {vorpal, rC+ Will-
                  | Dex+4}
 76265 | Vaults:5 | Killed a golden dragon
 76568 | Depths:1 | Entered Level 1 of the Depths
 76903 | Depths:1 | Noticed Mara
 76911 | Depths:1 | Noticed croobank's illusion
 76930 | Depths:1 | Killed Mara
 77783 | Depths:1 | Found a one-way gate to the infinite horrors of the Abyss.
 78028 | Depths:1 | Found a gateway to Hell.
 78616 | Depths:1 | Identified the +7 mace of Hepliaklqana's Anger {flame,
                  | Will+ rCorr}
 78811 | Depths:1 | Got the Opusculum on the Unholy Nimbus
 79484 | Depths:2 | Bought a potion of berserk rage for 95 gold pieces
 79484 | Depths:2 | Bought a potion of magic for 152 gold pieces
 79484 | Depths:2 | Bought a potion of heal wounds for 95 gold pieces
 79484 | Depths:2 | Bought a potion of might for 76 gold pieces
 79484 | Depths:2 | Bought a potion of brilliance for 76 gold pieces
 79816 | Depths:2 | Noticed Nikola
 79826 | Depths:2 | Killed Nikola
 80309 | Depths:2 | Found a one-way gate leading to the halls of Pandemonium.
 80597 | Depths:2 | Found a one-way gateway to a ziggurat.
 82233 | Snake:4  | Found Hykyheawk's Mass Market.
 83522 | Elf:2    | Reached XP level 21. HP: 106/106 MP: 16/36
 84775 | Elf:3    | Identified the +6 battleaxe "Pixti" {vorpal, Int+3}
 85120 | Elf:3    | Identified the amulet "Cegheoc" {Regen+ Str+4}
 85376 | Elf:3    | Got the Anthology of Attendants
 85379 | Elf:3    | Got Jailonub's Compendium of Curses
 85439 | Elf:3    | Identified the +4 ring mail "Xofeuc" {Regen+}
 85608 | Elf:3    | Identified the +2 pair of gloves "Belosiul" {rPois}
 85766 | Elf:3    | Found the +7 Spriggan's Knife {stab, EV+4 Stlth+}
 86391 | D:7      | Killed safid's ghost
 86684 | D:12     | Killed Omegus91's ghost
 86693 | D:12     | Identified the +7 morningstar "Pyes" {distort, Int+2}
 87332 | Depths:2 | Learned a level 2 spell: Wereblood
 87352 | Depths:2 | Found Ruxum's Elemental Accessories.
 87359 | Depths:2 | Bought 2 scrolls of silence for 323 gold pieces
 87386 | Depths:2 | Found Boskenih's Magic Scroll Shop.
 87742 | Depths:2 | Bought a scroll of magic mapping for 90 gold pieces
 88222 | Depths:3 | Reached skill level 15 in Unarmed Combat
 89491 | Depths:3 | Noticed a caustic shrike
 89494 | Depths:3 | Noticed a caustic shrike
 89505 | Depths:3 | Killed a caustic shrike
 89514 | Depths:3 | Killed a caustic shrike
 89642 | Depths:3 | Noticed a juggernaut
 89654 | Depths:3 | Killed a juggernaut
 89806 | Depths:3 | Noticed a caustic shrike
 89807 | Depths:3 | Noticed a caustic shrike
 89807 | Depths:3 | Noticed a caustic shrike
 89811 | Depths:3 | Killed a caustic shrike
 89815 | Depths:3 | Killed a caustic shrike
 89822 | Depths:3 | Killed a caustic shrike
 89823 | Depths:3 | Reached XP level 22. HP: 89/114 MP: 8/37
 90471 | Depths:3 | Noticed a golden dragon
 90480 | Depths:3 | Killed a golden dragon
 90785 | Depths:3 | Noticed a golden dragon
 90790 | Depths:3 | Killed a golden dragon
 92304 | Depths:4 | Entered Level 4 of the Depths
 92409 | Depths:4 | Found a gate to the Realm of Zot.
 94630 | D:8      | Bought a potion of mutation for 96 gold pieces
 94630 | D:8      | Bought a potion of mutation for 96 gold pieces
 95238 | Lair:4   | Fell from the grace of Gozag
 95238 | Lair:4   | Became a worshipper of Jiyva Jutyhek the Shapeless
 95242 | Slime:1  | Entered Level 1 of the Pits of Slime
 95267 | Slime:5  | Entered Level 5 of the Pits of Slime
 95367 | Slime:5  | Noticed the Royal Jelly
 95442 | Slime:5  | Found a viscous altar of Jiyva.
 95448 | Slime:5  | Found the +3 pair of mountain boots {steadfast, rC+}
 96803 | Crypt:1  | Entered Level 1 of the Crypt
 96907 | Crypt:1  | Killed by mirror damage
 96908 | Crypt:1  | Reached XP level 21. HP: -6/106 MP: 17/36
 97597 | Crypt:1  | Reached * piety under Jiyva
 97967 | Crypt:2  | Reached XP level 22. HP: 110/116 MP: 37/37
 98164 | Crypt:2  | Reached ** piety under Jiyva
 98170 | Crypt:3  | Entered Level 3 of the Crypt
 99127 | Crypt:3  | Found a staircase to the Tomb.
 99293 | Crypt:3  | Reached *** piety under Jiyva
 99294 | Crypt:3  | Noticed a dread lich
 99471 | Crypt:3  | Killed a dread lich
 99563 | Crypt:3  | Found an ancient bone altar of Kikubaaqudgha.
 99609 | Crypt:3  | Identified the amulet "Pezal" {rN++ Regen+}
 99628 | Crypt:3  | Identified the +10 quarterstaff "Gaogg" {antimagic, Fly
                  | rPois}
100486 | Zig:1    | Entered Level 1 of a ziggurat
100623 | Zig:2    | Entered Level 2 of a ziggurat
100767 | Zig:3    | Entered Level 3 of a ziggurat
100767 | Zig:3    | Lost mutation: Your flesh is cold resistant. (rC+) [Jiyva's
                  | grace]
100767 | Zig:3    | Gained mutation: You have a small jelly attached to you
                  | that may absorb projectiles. [Jiyva's grace]
100767 | Zig:3    | Gained mutation: You are partially covered in iridescent
                  | scales. (AC +2) [Jiyva's grace]
100767 | Zig:3    | Gained mutation: You are mostly covered in iridescent
                  | scales. (AC +4) [Jiyva's grace]
100767 | Zig:3    | Gained mutation: You are completely covered in iridescent
                  | scales. (AC +6) [Jiyva's grace]
100799 | Zig:3    | Identified the +8 short sword of Dyuwnil {vorpal, Str+3}
100942 | Zig:4    | Entered Level 4 of a ziggurat
101047 | Zig:5    | Entered Level 5 of a ziggurat
101059 | Zig:5    | Noticed Xalav the pandemonium lord
101065 | Zig:5    | Gained mutation: You are clumsy. (Dex -2) [a cacodemon]
101075 | Zig:5    | Got the Excursus on Freezing Excavation
101076 | Zig:5    | Identified the ring of the Open Hand {Fly Str+4 Slay+4}
101078 | Zig:6    | Entered Level 6 of a ziggurat
101106 | Zig:6    | Slain by a deep elf blademaster
101107 | Zig:6    | Reached XP level 21. HP: 0/111 MP: 9/38
101223 | Zot:1    | Entered Level 1 of the Realm of Zot
101607 | Zot:1    | Reached XP level 22. HP: 80/116 MP: 29/39
102086 | Zot:1    | Reached **** piety under Jiyva
102250 | Zot:1    | Noticed an orb of fire
102278 | Zot:1    | Killed an orb of fire
102745 | Zot:2    | Found a transporter.
102746 | Zot:2    | Noticed an ancient lich
102755 | Zot:2    | Found a transporter.
102790 | Zot:2    | Noticed Sofait's ghost (legendary GnFE)
102809 | Zot:2    | Noticed Decrayps's ghost (veteran FeEn)
103160 | Zot:2    | Got the Omnibus of Pestilent Calefaction
103308 | Zot:3    | Reached ***** piety under Jiyva
103314 | Zot:3    | Noticed a curse toe
103451 | Zot:3    | Killed a curse toe
103478 | Zot:3    | Found a transporter.
103487 | Zot:3    | Found a transporter.
103490 | Zot:3    | Found a transporter.
103594 | Zot:3    | Noticed a golden dragon
103602 | Zot:3    | Killed a golden dragon
103675 | Zot:3    | Found a transporter.
103809 | Zot:3    | Lost mutation: You are clumsy. (Dex -2) [Jiyva's grace]
103809 | Zot:3    | Gained mutation: Armour fits poorly on your pseudopods.
                  | [Jiyva's grace]
103809 | Zot:3    | Gained mutation: Armour fits poorly on your large
                  | pseudopods. [Jiyva's grace]
103809 | Zot:3    | Gained mutation: Armour fits poorly on your massive
                  | pseudopods. [Jiyva's grace]
103809 | Zot:3    | Gained mutation: You passively dampen the noise of your
                  | surroundings. [Jiyva's grace]
104002 | Zot:3    | Noticed an orb of fire
104020 | Zot:3    | Killed an orb of fire
104170 | Zot:3    | Noticed Vv
104194 | Zot:3    | Killed Vv
104439 | Abyss:3  | Found a corrupted altar of Lugonu.
104439 | Abyss:3  | Cast into level 3 of the Abyss (red draconian)
104531 | Abyss:3  | Reached skill level 15 in Spellcasting
104551 | Abyss:3  | Got an abyssal rune of Zot
104646 | Zot:4    | Escaped the Abyss
104804 | Zot:4    | Reached ****** piety under Jiyva
104809 | Zot:4    | Lost mutation: You are completely covered in iridescent
                  | scales. (AC +6) [Jiyva's grace]
104809 | Zot:4    | Gained mutation: You have a small jelly attached to you
                  | that senses nearby items. [Jiyva's grace]
104809 | Zot:4    | Gained mutation: You are covered in slimy tendrils that may
                  | disarm your opponents. [Jiyva's grace]
104809 | Zot:4    | Gained mutation: You have hidden genetic potential.
                  | [Jiyva's grace]
104809 | Zot:4    | Gained mutation: You have great hidden genetic potential.
                  | [Jiyva's grace]
105205 | Zot:4    | Noticed a curse toe
105206 | Zot:4    | Noticed a golden dragon
105224 | Zot:4    | Killed a golden dragon
105232 | Zot:4    | Killed a curse toe
105458 | Zot:4    | Noticed a curse toe
105476 | Zot:4    | Killed a curse toe
106061 | Slime:5  | Got a slimy rune of Zot
106085 | Slime:5  | Identified the ring of Butchery {Ice Str+2 Dex+3}
106390 | D:10     | You showed the abyssal rune of Zot to enter a treasure
                  | trove
106391 | Trove    | Entered a treasure trove
106393 | Trove    | Identified the ring of Gokluera {MP-9 Str+6 Int-4 Dex+8
                  | Slay+5}
106406 | Trove    | Identified the ring "Juba" {EV+4 Int+3}
106411 | Trove    | Identified the ring "Nossipse" {Fly rN+}
106418 | Trove    | Identified the ring "Niviken" {+Blink rF+ rC- rCorr Dex+5}
106420 | Trove    | Identified the ring "Ylibiw" {Contam rF+ Will+ MP+9}
106450 | D:10     | Gained mutation: You occasionally lose the ability to read
                  | scrolls when taking damage. [mutagenic glow]
106451 | D:10     | Lost mutation: Armour fits poorly on your massive
                  | pseudopods. [potion of mutation]
106451 | D:10     | Lost mutation: You have a small jelly attached to you that
                  | senses nearby items. [potion of mutation]
106451 | D:10     | Gained mutation: You are robust. (+10% HP) [potion of
                  | mutation]
106453 | D:10     | Lost mutation: You are covered in slimy tendrils that may
                  | disarm your opponents. [potion of mutation]
106453 | D:10     | Lost mutation: You have a small jelly attached to you that
                  | may absorb projectiles. [potion of mutation]
106453 | D:10     | Lost mutation: You are mostly covered in iridescent scales.
                  | (AC +4) [potion of mutation]
106453 | D:10     | Gained mutation: You are clumsy. (Dex -2) [potion of
                  | mutation]
106453 | D:10     | Gained mutation: You passively map a small area around you.
                  | [potion of mutation]
106454 | D:10     | Lost mutation: You are clumsy. (Dex -2) [potion of
                  | mutation]
106454 | D:10     | Lost mutation: Armour fits poorly on your large pseudopods.
                  | [potion of mutation]
106454 | D:10     | Gained mutation: You have a pair of small antennae on your
                  | head. [potion of mutation]
106454 | D:10     | Gained mutation: You are weak. (Str -2) [potion of
                  | mutation]
106454 | D:10     | Gained mutation: Your flesh is heat resistant. (rF+)
                  | [potion of mutation]
106454 | D:10     | Gained mutation: You are strong-willed. (Will+) [potion of
                  | mutation]
106455 | D:10     | Lost mutation: You are partially covered in iridescent
                  | scales. (AC +2) [potion of mutation]
106455 | D:10     | Lost mutation: Your flesh is heat resistant. (rF+) [potion
                  | of mutation]
106455 | D:10     | Lost mutation: You are strong-willed. (Will+) [potion of
                  | mutation]
106455 | D:10     | Gained mutation: Your skin changes colour to match your
                  | surroundings (Stealth+). [potion of mutation]
106456 | D:10     | Lost mutation: Armour fits poorly on your pseudopods.
                  | [potion of mutation]
106456 | D:10     | Lost mutation: You are robust. (+10% HP) [potion of
                  | mutation]
106456 | D:10     | Gained mutation: You occasionally lose the ability to drink
                  | potions when taking damage. [potion of mutation]
106457 | D:10     | Lost mutation: You have a pair of small antennae on your
                  | head. [potion of mutation]
106457 | D:10     | Lost mutation: You occasionally lose the ability to read
                  | scrolls when taking damage. [potion of mutation]
106457 | D:10     | Lost mutation: You occasionally lose the ability to drink
                  | potions when taking damage. [potion of mutation]
106457 | D:10     | Gained mutation: You are dopey. (Int -2) [potion of
                  | mutation]
106457 | D:10     | Gained mutation: Your body sometimes deteriorates upon
                  | taking damage. [potion of mutation]
106457 | D:10     | Gained mutation: Your flesh is heat resistant. (rF+)
                  | [potion of mutation]
106458 | D:10     | Lost mutation: You passively map a small area around you.
                  | [potion of mutation]
106458 | D:10     | Lost mutation: You are dopey. (Int -2) [potion of mutation]
106458 | D:10     | Gained mutation: You have a somewhat thin skeletal
                  | structure. (Dex +2, Stealth+) [potion of mutation]
106458 | D:10     | Gained mutation: Your spells are a little easier to cast,
                  | but a little less powerful. [potion of mutation]
106458 | D:10     | Gained mutation: You are occasionally teleported next to
                  | monsters. [potion of mutation]
106458 | D:10     | Gained mutation: Your flesh is cold resistant. (rC+)
                  | [potion of mutation]
106827 | Zot:5    | Entered Level 5 of the Realm of Zot
106858 | Zot:5    | Noticed a golden dragon
106867 | Zot:5    | HP: 8/174 [Orb Guardian (16)]
106869 | Zot:5    | Slain by a white draconian

Illustrated notes

Levels and vault maps discovered:
D:1:      dpeg_arrival_radiant, layout_basic, serial_shops,
          nicolae_shop_window_shopping
D:2:      layout_basic, shapermc_ecumenical_altar_mp_vishouse
D:3:      layout_basic, zin_purify, gammafunk_ghost_split, minmay_crystal_water
D:4:      kennysheep_the_goblin_king, layout_cave_pools,
          mainiacjoe_overflow_six_doors_small,
          mainiacjoe_overflow_small_starburst, lemuel_crystal_altar,
          nicolae_ossuary_entry_plus
D:5:      layout_basic, lemuel_round_altar, nicolae_hepliaklqana_hazy_memory,
          serial_shops, nicolae_take_the_stairs, serial_corexii_hall,
          corexii_hall_statues_x, chequers_hall_statues_y, dk_vineyard_3,
          minmay_misc_feat_encased
D:6:      hellmonk_ruined_rings, layout_loops_ring, marbit_many_paths,
          mainiacjoe_overflow_alcove_1, minmay_temple_entry_trees, serial_shops,
          shop
D:7:      layout_loops_ring, lemuel_zombie_altar_kikubaaqudgha,
          makhleb_altar_promises_db, gammafunk_temple_overflow_claw,
          gammafunk_ghost_berserking_beasts, enter_bailey_5, grunt_potential,
          uniq_duvessa
D:8:      layout_loops_ring, xom_redecorated, fedhas_altar_2, elyvilon_altar_5,
          serial_shops, nicolae_diamond_shop, nicolae_wwwww, uniq_erica,
          uniq_psyche
D:9:      layout_rooms, mainiacjoe_overflow_tiny_flanked, erik_lair_dragon,
          serial_co_window_serial, co_window_paths_a, co_window_paths_a,
          co_window_paths_b, co_window_corner_a, co_window_of_opportunity_a,
          co_window_2corner, co_window_corner_b, co_window_2corner,
          co_window_of_opportunity_c, co_window_sun, co_window_4corner_a,
          glass_columns_a, glass_columns_a, glass_columns_a, grunt_ministairs_2
D:10:     layout_rooms, mainiacjoe_overflow_paths, mainiacjoe_overflow_catwalk,
          mainiacjoe_overflow_surrounded_room, trog_butcher_becter, erik_orc_1,
          nicolae_trove_entry_path_of_doom, uniq_josephine
D:11:     layout_small_grid, skrybe_limestone_x, uniq_erolcha
D:12:     layout_basic, ebering_ghost_reflecting_pool, uniq_azrael
D:13:     layout_loops_ring, nicolae_qazlal_eye_of_the_storm, uniq_lodul,
          uniq_urug
D:14:     layout_basic, lightli_vaults_fourway_checkpoint,
          nemelex_lonely_heart_becter, portal_ice_cave_entry_ice_statue_one,
          nicolae_water_bricks, uniq_louise, uniq_agnes
D:15:     grunt_enter_depths_snipers, layout_long_grid, gauntlet_entry_generic
Lair:1:   gammafunk_cloud_chamber, layout_gridlike
Lair:2:   layout_roguey
Lair:3:   layout_small_grid, minmay_shoals_entry_hut,
          guppyfry_snake_entry_garden, infiniplex_staircase_pool_2,
          grunt_megastairs_1, uniq_nessos
Lair:4:   layout_cave_pods, minmay_slime_entry_oklob_enclosed, st_stairs_5,
          grunt_forest_stairs_basic, kennysheep_snail_temple
Lair:5:   grunt_lair_end_beastmaster, layout_small_grid,
          kilobyte_rumbling_trees, lemuel_fruit_fields
Shoals:1: nicolae_shoals_mermall, layout_shoals
Shoals:2: layout_shoals
Shoals:3: layout_shoals, nicolae_shoals_water_booths, uniq_roxanne,
          uniq_polyphemus, uniq_ilsuiw
Shoals:4: shoals_end_hellmonk_storm_palace [storm_palace_center_ruins,
          storm_palace_corner_narrow, storm_palace_corner_pillars,
          storm_palace_corner_altar, storm_palace_corner_reverse_hut],
          serial_shops, uniq_bai_suzhen, uniq_mlioglotl
Snake:1:  layout_chambers, gammafunk_ghost_grave, basic_altar,
          nicolae_snake_snake_lake, serial_bayou_shore_a, minmay_shop_star
Snake:2:  nicolae_snake_hallway, layout_basic, uniq_donald, uniq_aizul,
          uniq_saint_roka
Snake:3:  layout_gridlike
Snake:4:  grunt_snake_rune_pools, layout_cave_town, minmay_shop_mass,
          nicolae_snake_single_loop
Slime:1:  layout_caves
Slime:2:  layout_caves, cheibrodos_slime_lost_civilization_4
Slime:3:  layout_caves
Slime:4:  layout_caves
Slime:5
Orc:1:    layout_diamond_mine, mines2_lemuel, uniq_nergalle, uniq_maurice
Orc:2:    st_orc_rangers, layout_caves, gammafunk_ghost_split,
          guppyfry_orc_lava_fort
Elf:1:    layout_geoelf_octagon, evilmike_minifort
Elf:2:    elven_hall_of_blades_hangedman_original [nicolae_blade_lattice],
          layout_geoelf_grid, serial_shops, nicolae_shop_hallway_stairs,
          nicolae_shop_trees, nicolae_shop_hallway_plus, shop, shop_statue
Elf:3:    grunt_elf_hall_diamonds, layout_geoelf_castle, serial_shops,
          nicolae_shop_temple_entry_statues_fountains
Vaults:1: vaults_room_door_ring, nicolae_vaults_little_squares_2, v_rooms_1,
          st_diamondy, nicolae_vaults_little_squares_6, v_alt_pattern_1,
          ontoclasm_vaults_loading_screen, grunt_vaults_funnel,
          vaults_room_grid, v_misc_11, layout_vaults_maze, serial_shops,
          nicolae_shop_waterfront
Vaults:2: vaults_mumra_lcd, v_pattern_2, ontoclasm_vaults_pinch,
          vaults_mumra_minichess_inversion, grunt_vaults_twisty,
          vaults_mumra_hex, minmay_crypt_entry_nasty_monster,
          vaults_standard_mumra_x, v_misc_9, vaults_room_octagon, v_misc_14,
          v_misc_22, vaults_room_pool, vaults_dpeg_ring,
          nicolae_vaults_little_ls, vaults_room_pools, vaults_room_pools,
          vaults_dpeg_encased_lava, layout_vaults_omnicross, serial_shops, shop,
          nicolae_diamond_shop, nicolae_shop_window_shopping, shop,
          nicolae_shop_trees
Vaults:3: nicolae_vaults_gold_heap, nicolae_vaults_stairing_the_circle,
          ontoclasm_vaults_tryst, v_misc_29, vaults_room_hangedman_quadrants,
          dpeg_vaults_monster_box, nicolae_vaults_alarming,
          layout_vaults_omnigrid
Vaults:4: v_misc_16, v_rooms_4, hangedman_vaults_stretched_pinwheel, v_misc_16,
          v_misc_4, v_misc_16, hangedman_vaults_unwind,
          ontoclasm_vaults_ring_square, v_pattern_4,
          nicolae_vaults_circle_grid_a, vaults_room_door_hall,
          vaults_room_large_hall, vaults_room_grid, layout_vaults_big_room
Vaults:5
Crypt:1:  layout_catacombs, roderic_lattice_octagonal_star,
          grunt_crypt_arrival_split
Crypt:2:  layout_rooms, grunt_megastairs_4
Crypt:3:  church_of_pain_bobbens, layout_chaotic_city,
          nicolae_tomb_entry_unfolded_pyramid_diagonal
Depths:1: layout_small_grid, hangedman_abyss_entry_splay,
          hangedman_tar_grid_catacomb, minmay_misc_feat_diagonals,
          kennysheep_small_spiral, minmay_evil_grid, uniq_mara
Depths:2: lemuel_flame_loot_2, layout_basic, enter_ziggurat_b,
          grunt_hell_entry_dis_grunt, serial_curves, eino_curves_04,
          eino_curves_02, rand_demon_pan_entry_5, abyss_entry,
          bh_walls_and_bars, nicolae_elemental_shop, solitary_fountain,
          kennysheep_windowed_goal, serial_bayou_shore_b, uniq_nikola
Depths:3: hangedman_grunt_twisty_little_passages, layout_gridlike, abyss_entry,
          grunt_metal_band
Depths:4: grunt_zot_entry_tricorne, layout_basic, rand_demon_pan_entry_7,
          hell_entry, nrook_mini_backslash, infiniplex_staircase_pool_lava
Zot:1:    layout_gridlike
Zot:2:    layout_basic, nzn_ghost_randoct
Zot:3:    layout_concentric_octagons, nicolae_diode_quadrants, uniq_vv
Zot:4:    layout_gridlike
Zot:5:    layout_basic, nrook_zot_tub

Skill      XL: |  1  2  3  4  5  6  7  8  9 10 11 12 13 14 15 16 17 18 19 20 21 22 |
---------------+-------------------------------------------------------------------+-----
Stealth        | 3 4 |  4.8
Dodging        | 3 4 7 8 9 10 11 13 14 16 17 19 20 21 | 21.0
Spellcasting   | 3 5 6 7 8 9 10 16 | 16.2
Fighting       | 1 2 6 7 8 9 10 11 12 13 14 17 18 20 21 | 21.0
Summonings     | 5 7 8 12 13 15 16 | 16.0
Hexes          | 3 5 |  5.0
Air Magic      | 1 2 4 5 7 8 10 13 15 16 | 16.0
Transmutations | 3 6 9 13 16 | 16.0
Fire Magic     | 3 |  3.0
Poison Magic   | 3 |  3.0
Translocations | 5 10 15 16 18 | 18.0
Unarmed Combat | 3 7 10 13 19 21 | 21.0

Action                   |  1- 3 |  4- 6 |  7- 9 | 10-12 | 13-15 | 16-18 | 19-21 | 22-24 || total
-------------------------+-------+-------+-------+-------+-------+-------+-------+-------++-------
Melee: Unarmed           |     6 |    17 |    38 |    14 |    66 |   738 |   990 |   922 ||  2791
       Bite              |     1 |     1 |     5 |     2 |    11 |     3 |     1 |     6 ||    30
       Punch             |       |       |       |       |     2 |    28 |    88 |   165 ||   283
       Pseudopods        |       |       |       |       |       |       |       |     3 ||     3
 Cast: Summon Small Mamm |    42 |    25 |    89 |    10 |     2 |       |       |       ||   168
       Call Imp          |    13 |    12 |    32 |     2 |       |       |       |       ||    59
       Call Canine Famil |     8 |    16 |    50 |    32 |    31 |     7 |     1 |       ||   145
       Summon Guardian G |       |     3 |    45 |    19 |    13 |     2 |     4 |       ||    86
       Summon Lightning  |       |       |     4 |    44 |   150 |    62 |    18 |     8 ||   286
       Summon Mana Viper |       |       |       |    23 |   117 |   183 |    74 |    60 ||   457
       Mephitic Cloud    |       |       |       |     2 |    10 |     2 |     1 |       ||    15
       Ignite Poison     |       |       |       |     1 |     5 |       |       |       ||     6
       Monstrous Menager |       |       |       |       |   135 |   343 |   146 |   114 ||   738
       Tukima's Dance    |       |       |       |       |    88 |    29 |       |       ||   117
       Storm Form        |       |       |       |       |       |    91 |   108 |    73 ||   272
       Manifold Assault  |       |       |       |       |       |       |    79 |    35 ||   114
       Wereblood         |       |       |       |       |       |       |    12 |    41 ||    53
Invok: Potion Petition   |       |       |       |       |     1 |     3 |     4 |       ||     8
       Bribe Branch      |       |       |       |       |       |     1 |       |       ||     1
       Call Merchant     |       |       |       |       |       |       |     1 |       ||     1
 Abil: Blinkbolt         |       |       |       |       |       |    23 |    82 |    55 ||   160
Evoke: Wand              |       |       |     1 |       |     5 |    31 |       |     1 ||    38
       Condenser vane    |       |       |       |       |       |     1 |     1 |       ||     2
  Use: Scroll            |     5 |     2 |    15 |     6 |     5 |    16 |     8 |     8 ||    65
       Potion            |       |     1 |       |     1 |     3 |    22 |    20 |    20 ||    67
 Stab: Confused          |       |       |       |     1 |       |       |     2 |       ||     3
       Sleeping          |       |       |       |     1 |     1 |       |     1 |     1 ||     4
       Distracted        |       |       |       |       |     8 |    37 |    20 |    21 ||    86
       Invisible         |       |       |       |       |     1 |       |       |       ||     1
       Paralysed         |       |       |       |       |       |     6 |       |       ||     6
       Petrified         |       |       |       |       |       |     5 |       |       ||     5
Armor: Skin              |     1 |     3 |     6 |     1 |    10 |    92 |    80 |    92 ||   285
Dodge: Dodged            |    27 |    34 |   147 |    67 |   421 |  1594 |  1192 |  1229 ||  4711
